HS
RIVERRDALE BAPTIST HS CRUSADERS @ CRETIN-DERHAM HALL HS RAIDERS
04/03/2060
 
TOP OF THE 1ST
Riverrdale Baptist HS Crusaders batting - Pitching for Cretin-Derham Hall HS Raiders : RHP Bertrand Serna
Pitching: RHP Bertrand Serna
Batting: RHB Vincent Moffett 0-0: Ball
1-0: Ball
2-0: Ball
3-0: Called Strike
3-1: Swinging Strike
3-2: Strikes out looking
Batting: LHB Perry Stevens 0-0: Ball
1-0: Foul Ball, location: 2F
1-1: Ball
2-1: Ball
3-1: Foul Ball, location: 2F
3-2: Base on Balls
Batting: RHB Kyle Florella 0-0: Ball
1-0: Fly out, F7 (Flyball, 78M, EV 94.4 MPH)
Batting: LHB Dillan Wobbe 0-0: Called Strike
0-1: Called Strike
0-2: Strikes out swinging
Top of the 1st over - 0 runs, 0 hits, 0 errors, 1 left on base; Riverrdale Baptist HS 0 - Cretin-Derham Hall HS 0
BOTTOM OF THE 1ST
Cretin-Derham Hall HS Raiders batting - Pitching for Riverrdale Baptist HS Crusaders : LHP James Wells
Pitching: LHP James Wells
Batting: SHB Damien Davis 0-0: Ball
1-0: Ground out 4-3 (Groundball, 4, EV 76.9 MPH)
Batting: RHB Raven Nieves 0-0: Ball
1-0: SINGLE (Line Drive, 3D, EV 108.8 MPH)
Batting: RHB Chase Wright 0-0: Called Strike
0-1: Foul Ball, location: 2F
0-2: Ball
1-2: Strikes out swinging
Batting: LHB Erik Cutter 0-0: Ball
Wild Pitch!
Raven Nieves to second
1-0: Ground out 6-3 (Groundball, 6S, EV 71.2 MPH)
Bottom of the 1st over - 0 runs, 1 hit, 0 errors, 1 left on base; Riverrdale Baptist HS 0 - Cretin-Derham Hall HS 0
TOP OF THE 2ND
Riverrdale Baptist HS Crusaders batting - Pitching for Cretin-Derham Hall HS Raiders : RHP Bertrand Serna
Batting: RHB Chase McNew 0-0: Foul Ball, location: 2F
0-1: Swinging Strike
0-2: Ball
1-2: Ball
2-2: Foul Ball, location: 2F
2-2: Ground out U3 (Groundball, 34, EV 85.6 MPH)
Batting: SHB Will Spero 0-0: Foul Ball, location: 2F
0-1: Ball
1-1: Ball
2-1: Swinging Strike
2-2: Foul Ball, location: 2F
2-2: Ball
3-2: Foul Ball, location: 2F
3-2: Foul Ball, location: 2F
3-2: Strikes out swinging
Batting: RHB Peyton McNaughton 0-0: SINGLE (Groundball, 6MD, EV 101.2 MPH)
Batting: RHB Brock Hough 0-0: Called Strike
0-1: Foul Ball, location: 2F
0-2: Ball
1-2: Foul Ball, location: 2F
1-2: Ground out 6-3 (Groundball, 6S, EV 83.8 MPH)
Top of the 2nd over - 0 runs, 1 hit, 0 errors, 1 left on base; Riverrdale Baptist HS 0 - Cretin-Derham Hall HS 0
BOTTOM OF THE 2ND
Cretin-Derham Hall HS Raiders batting - Pitching for Riverrdale Baptist HS Crusaders : LHP James Wells
Batting: RHB Rick McGivney 0-0: Called Strike
0-1: Foul Ball, location: 2F
0-2: Ball
1-2: Foul Ball, location: 2F
1-2: Ball
2-2: Strikes out swinging
Batting: LHB Sean Radel 0-0: Called Strike
0-1: Ball
1-1: Ball
2-1: Fly out, F7 (Flyball, 78M, EV 81.2 MPH)
Batting: LHB E.J. Tierney 0-0: Ball
1-0: Ball
2-0: Ground out 3-1 (Groundball, 34S, EV 88.1 MPH)
Bottom of the 2nd over - 0 runs, 0 hits, 0 errors, 0 left on base; Riverrdale Baptist HS 0 - Cretin-Derham Hall HS 0
TOP OF THE 3RD
Riverrdale Baptist HS Crusaders batting - Pitching for Cretin-Derham Hall HS Raiders : RHP Bertrand Serna
Batting: RHB Micah Lintz 0-0: Ball
1-0: Fly out, F8 (Flyball, 8RM, EV 88.8 MPH)
Batting: RHB Vincent Moffett 0-0: Called Strike
0-1: Ball
1-1: Foul Ball, location: 2F
1-2: Ball
2-2: SINGLE (Line Drive, 56, EV 96.9 MPH)
Batting: LHB Perry Stevens 0-0: Ball
Vincent Moffett is caught stealing 2nd base 2-6
1-0: Ball
2-0: DOUBLE (Line Drive, 7LM, EV 108.1 MPH)
Batting: RHB Kyle Florella 0-0: Ball
1-0: Called Strike
1-1: Ball
2-1: Fly out, F7 (Flyball, 7, EV 82.5 MPH)
Top of the 3rd over - 0 runs, 2 hits, 0 errors, 1 left on base; Riverrdale Baptist HS 0 - Cretin-Derham Hall HS 0
BOTTOM OF THE 3RD
Cretin-Derham Hall HS Raiders batting - Pitching for Riverrdale Baptist HS Crusaders : LHP James Wells
Batting: RHB Eli Engelsen 0-0: Called Strike
0-1: Ball
1-1: Ball
2-1: Ball
3-1: Base on Balls
Batting: RHB Kylie Withers 0-0: Ball
1-0: Ball
2-0: Called Strike
2-1: Ball
3-1: Base on Balls
Eli Engelsen to second
Batting: SHB Damien Davis 0-0: Ball
1-0: Ball
2-0: Called Strike
2-1: Foul Ball, location: 2F
2-2: Grounds into double play, 6-4-3 (Groundball, 6, EV 105.0 MPH)
Eli Engelsen to third
Batting: RHB Raven Nieves 0-0: Ball
1-0: Swinging Strike
1-1: Foul Ball, location: 2F
1-2: Ball
2-2: Foul Ball, location: 2F
2-2: Strikes out swinging
Bottom of the 3rd over - 0 runs, 0 hits, 0 errors, 1 left on base; Riverrdale Baptist HS 0 - Cretin-Derham Hall HS 0
TOP OF THE 4TH
Riverrdale Baptist HS Crusaders batting - Pitching for Cretin-Derham Hall HS Raiders : RHP Bertrand Serna
Batting: LHB Dillan Wobbe 0-0: Ball
1-0: Foul Ball, location: 2F
1-1: Swinging Strike
1-2: Ball
2-2: Ball
3-2: SINGLE (Groundball, 4MD, EV 95.6 MPH)
Batting: RHB Chase McNew 0-0: Ball
1-0: Foul Ball, location: 2F
1-1: Ball
2-1: Foul Ball, location: 2F
2-2: Ball
3-2: Fly out, F9 (Line Drive, 89M, EV 98.8 MPH)
Batting: SHB Will Spero 0-0: Ball
1-0: Called Strike
1-1: Foul Ball, location: 2F
1-2: Ball
2-2: Fly out, F5 (Popup, 56S, EV 75.6 MPH)
Batting: RHB Peyton McNaughton 0-0: Single, Error in OF, E8, batter to second base (Groundball, 6MD, EV 96.9 MPH)
Dillan Wobbe to third
Batting: RHB Brock Hough 0-0: Foul Ball, location: 2F
0-1: Foul Ball, location: 2F
0-2: Ball
1-2: Foul Ball, location: 2F
1-2: SINGLE (Line Drive, 9S, EV 104.4 MPH)
Dillan Wobbe scores
Peyton McNaughton to third
Pitching: RHP Rayden Aitken
Batting: RHB Micah Lintz 0-0: Called Strike
0-1: Fielders Choice at 2nd, 6-4 (Groundball, 56, EV 102.5 MPH)
Top of the 4th over - 1 run, 3 hits, 1 error, 2 left on base; Riverrdale Baptist HS 1 - Cretin-Derham Hall HS 0
BOTTOM OF THE 4TH
Cretin-Derham Hall HS Raiders batting - Pitching for Riverrdale Baptist HS Crusaders : LHP James Wells
Batting: RHB Chase Wright 0-0: Called Strike
0-1: Foul Ball, location: 2F
0-2: Ball
1-2: Ball
2-2: Foul Ball, location: 2F
2-2: Ball
3-2: Foul Ball, location: 2F
3-2: SOLO HOME RUN (Flyball, 89XD, EV 99.4 MPH), Distance : 409 ft
Batting: LHB Erik Cutter 0-0: Ball
1-0: Foul Ball, location: 2F
1-1: Called Strike
1-2: Ground out U3 (Groundball, 3, EV 105.6 MPH)
Batting: RHB Rick McGivney 0-0: Swinging Strike
0-1: SINGLE (Groundball, 56D, EV 100.6 MPH)
Batting: LHB Sean Radel 0-0: Ball
1-0: Called Strike
1-1: Called Strike
1-2: Ball
2-2: Ball
3-2: Strikes out swinging
Rick McGivney is caught stealing 2nd base 2-6
Batter strikes out.
Bottom of the 4th over - 1 run, 2 hits, 0 errors, 0 left on base; Riverrdale Baptist HS 1 - Cretin-Derham Hall HS 1
TOP OF THE 5TH
Riverrdale Baptist HS Crusaders batting - Pitching for Cretin-Derham Hall HS Raiders : RHP Rayden Aitken
Batting: RHB Vincent Moffett 0-0: Ball
1-0: Foul Ball, location: 2F
1-1: Swinging Strike
1-2: Ball
2-2: Ball
3-2: Fly out, F9 (Flyball, 9, EV 86.9 MPH)
Batting: LHB Perry Stevens 0-0: Swinging Strike
0-1: Ball
1-1: Called Strike
1-2: Ball
2-2: Foul Ball, location: 2F
2-2: Fly out, F8 (Flyball, 8RXD, EV 104.4 MPH)
Batting: RHB Kyle Florella 0-0: Ball
1-0: Ball
2-0: Ball
3-0: Called Strike
3-1: Foul Ball, location: 2F
3-2: Base on Balls
Batting: LHB Dillan Wobbe 0-0: Called Strike
0-1: Ball
1-1: 2-RUN HOME RUN (Line Drive, 9LD, EV 95.0 MPH), Distance : 340 ft
Batting: RHB Chase McNew 0-0: Ball
1-0: Foul Ball, location: 2F
1-1: Foul Ball, location: 2F
1-2: Strikes out swinging
Top of the 5th over - 2 runs, 1 hit, 0 errors, 0 left on base; Riverrdale Baptist HS 3 - Cretin-Derham Hall HS 1
BOTTOM OF THE 5TH
Cretin-Derham Hall HS Raiders batting - Pitching for Riverrdale Baptist HS Crusaders : LHP James Wells
Batting: LHB E.J. Tierney 0-0: Swinging Strike
0-1: Foul Ball, location: 2F
0-2: Ball
1-2: Ball
2-2: Ground out 4-3 (Groundball, 34, EV 107.5 MPH)
Batting: RHB Eli Engelsen 0-0: SINGLE (Line Drive, 7S, EV 90.0 MPH)
Batting: RHB Kylie Withers 0-0: Fly out, F8 (Flyball, 8RD, EV 88.8 MPH)
Batting: SHB Damien Davis 0-0: Ball
1-0: SINGLE (Line Drive, 9LS, EV 87.5 MPH)
Eli Engelsen to second
Batting: RHB Raven Nieves 0-0: Called Strike
0-1: SINGLE (Line Drive, 9S, EV 98.1 MPH)
Eli Engelsen to third
Damien Davis to second
Runner from 3rd tries for Home, throw by RF and OUT! 9-2
Bottom of the 5th over - 0 runs, 3 hits, 0 errors, 2 left on base; Riverrdale Baptist HS 3 - Cretin-Derham Hall HS 1
TOP OF THE 6TH
Riverrdale Baptist HS Crusaders batting - Pitching for Cretin-Derham Hall HS Raiders : RHP Rayden Aitken
Batting: SHB Will Spero 0-0: Called Strike
0-1: Ball
1-1: Ball
2-1: Ball
3-1: Fly out, F5 (Popup, 5SF, EV 79.4 MPH)
Batting: RHB Peyton McNaughton 0-0: Swinging Strike
0-1: Ball
1-1: Ball
2-1: Foul Ball, location: 2F
2-2: Ball
3-2: Ground out 4-3 (Groundball, 4M, EV 99.4 MPH)
Batting: RHB Brock Hough 0-0: Foul Ball, location: 2F
0-1: Ball
1-1: Fly out, F9 (Flyball, 9LM, EV 84.4 MPH)
Top of the 6th over - 0 runs, 0 hits, 0 errors, 0 left on base; Riverrdale Baptist HS 3 - Cretin-Derham Hall HS 1
BOTTOM OF THE 6TH
Cretin-Derham Hall HS Raiders batting - Pitching for Riverrdale Baptist HS Crusaders : LHP James Wells
Pitching: RHP Max Horne
Batting: RHB Chase Wright 0-0: Ball
1-0: Called Strike
1-1: SINGLE (Line Drive, 78S, EV 93.8 MPH)
Batting: LHB Erik Cutter 0-0: Ball
1-0: Called Strike
1-1: Ball
2-1: Fly out, F6 (Line Drive, 6M, EV 58.8 MPH)
Batting: RHB Rick McGivney 0-0: Ball
1-0: Called Strike
1-1: Called Strike
1-2: Ball
2-2: SINGLE (Line Drive, 8RS, EV 91.9 MPH)
Chase Wright to second
Batting: LHB Sean Radel 0-0: Fly out, F7 (Line Drive, 7S, EV 93.1 MPH)
Batting: LHB E.J. Tierney 0-0: Called Strike
0-1: Fly out, F8 (Flyball, 8LM, EV 91.2 MPH)
Bottom of the 6th over - 0 runs, 2 hits, 0 errors, 2 left on base; Riverrdale Baptist HS 3 - Cretin-Derham Hall HS 1
TOP OF THE 7TH
Riverrdale Baptist HS Crusaders batting - Pitching for Cretin-Derham Hall HS Raiders : RHP Rayden Aitken
Batting: RHB Micah Lintz 0-0: Foul Ball, location: 2F
0-1: SINGLE (Line Drive, 9S, EV 106.2 MPH)
Batting: RHB Vincent Moffett 0-0: Sac Bunt to 25 - play at first, batter OUT! 5-3
Micah Lintz to second
Batting: LHB Perry Stevens 0-0: Ball
1-0: Ball
2-0: Ball
3-0: Base on Balls
Batting: LHB Abe Gatlin 0-0: Swinging Strike
0-1: Ball
1-1: Called Strike
1-2: Grounds into double play, 6-4-3 (Groundball, 6, EV 101.2 MPH)
Top of the 7th over - 0 runs, 1 hit, 0 errors, 1 left on base; Riverrdale Baptist HS 3 - Cretin-Derham Hall HS 1
BOTTOM OF THE 7TH
Cretin-Derham Hall HS Raiders batting - Pitching for Riverrdale Baptist HS Crusaders : RHP Max Horne
Batting: RHB Eli Engelsen 0-0: Called Strike
0-1: Ball
1-1: Foul Ball, location: 2F
1-2: Foul Ball, location: 2F
1-2: Fly out, F9 (Flyball, 9D, EV 106.9 MPH)
Pinch Hitting: RHB Chance Lynch 0-0: Ball
1-0: DOUBLE (Line Drive, 8LXD, EV 109.4 MPH)
Batting: SHB Damien Davis 0-0: Fly out, F9 (Line Drive, 9S, EV 99.4 MPH)
Batting: RHB Raven Nieves 0-0: TRIPLE (Line Drive, 8RXD, EV 111.9 MPH)
Chance Lynch scores
Pitching: RHP Johnathan Campbell
Batting: RHB Chase Wright 0-0: Ball
1-0: Foul Ball, location: 2F
1-1: Foul Ball, location: 2F
1-2: Strikes out swinging
Bottom of the 7th over - 1 run, 2 hits, 0 errors, 1 left on base; Riverrdale Baptist HS 3 - Cretin-Derham Hall HS 2
TOP OF THE 8TH
Riverrdale Baptist HS Crusaders batting - Pitching for Cretin-Derham Hall HS Raiders : RHP Rayden Aitken
Now at 3B: Huck Vimaranes
Batting: LHB Dillan Wobbe 0-0: Called Strike
0-1: Foul Ball, location: 2F
0-2: Ball
1-2: Foul Ball, location: 2F
1-2: Fly out, F9 (Flyball, 9LSF, EV 93.8 MPH)
Batting: RHB Chase McNew 0-0: Ball
1-0: Ground out 6-3 (Groundball, 6, EV 111.2 MPH)
Batting: SHB Will Spero 0-0: Fly out, F7 (Flyball, 78S, EV 92.5 MPH)
Top of the 8th over - 0 runs, 0 hits, 0 errors, 0 left on base; Riverrdale Baptist HS 3 - Cretin-Derham Hall HS 2
BOTTOM OF THE 8TH
Cretin-Derham Hall HS Raiders batting - Pitching for Riverrdale Baptist HS Crusaders : RHP Johnathan Campbell
Pitching: LHP Kolby Rager
Batting: LHB Erik Cutter 0-0: SINGLE (Flyball, 8LXD, EV 104.4 MPH)
Batting: RHB Rick McGivney 0-0: Swinging Strike
0-1: Ball
1-1: Called Strike
1-2: Ball
2-2: Fielders Choice at 2nd, 4-6 (Groundball, 4, EV 103.1 MPH)
Pinch Hitting: RHB Ismael Steele 0-0: Ground out 5-3 (Groundball, 56S, EV 84.4 MPH)
Rick McGivney to second
Batting: LHB E.J. Tierney 0-0: Fly out, F9 (Line Drive, 9LS, EV 96.9 MPH)
Bottom of the 8th over - 0 runs, 1 hit, 0 errors, 1 left on base; Riverrdale Baptist HS 3 - Cretin-Derham Hall HS 2
TOP OF THE 9TH
Riverrdale Baptist HS Crusaders batting - Pitching for Cretin-Derham Hall HS Raiders : RHP Rayden Aitken
Pitching: LHP Evan Hill
Now at SS: Derek Riley
Batting: RHB Peyton McNaughton 0-0: Ball
1-0: Ground out 4-3 (Groundball, 4, EV 80.0 MPH)
Batting: RHB Brock Hough 0-0: Ball
1-0: Foul Ball, location: 2F
1-1: Foul Ball, location: 2F
1-2: Strikes out swinging
Batting: RHB Micah Lintz 0-0: Foul Ball, location: 2F
0-1: Swinging Strike
0-2: DOUBLE (Line Drive, 89D, EV 103.1 MPH)
Batting: RHB Vincent Moffett 0-0: Ball
1-0: Called Strike
1-1: Ball
2-1: Called Strike
2-2: Strikes out looking
Top of the 9th over - 0 runs, 1 hit, 0 errors, 1 left on base; Riverrdale Baptist HS 3 - Cretin-Derham Hall HS 2
BOTTOM OF THE 9TH
Cretin-Derham Hall HS Raiders batting - Pitching for Riverrdale Baptist HS Crusaders : LHP Kolby Rager
Pitching: RHP Montana Sun
Batting: RHB Eli Engelsen 0-0: Called Strike
0-1: Swinging Strike
0-2: Ball
1-2: Ball
2-2: Ground out 5-3 (Groundball, 5, EV 95.6 MPH)
Pinch Hitting: RHB Mikel Okamura 0-0: Called Strike
0-1: Ball
1-1: Ball
2-1: Ball
3-1: Reached on error, E6 (Groundball, 6, EV 88.8 MPH)
Batting: SHB Damien Davis 0-0: Ball
1-0: Foul Ball, location: 2F
1-1: Called Strike
1-2: Foul Ball, location: 2F
1-2: Ball
2-2: Ball
Wild Pitch!
Mikel Okamura to second
3-2: Base on Balls
Batting: RHB Raven Nieves 0-0: Ball
1-0: Foul Ball, location: 2F
1-1: Foul Ball, location: 2F
1-2: Foul Ball, location: 2F
1-2: Ball
2-2: Fly out, F9 (Flyball, 89D, EV 93.8 MPH)
Batting: RHB Chase Wright 0-0: Ball
1-0: Ball
2-0: Foul Ball, location: 2F
2-1: Ball
3-1: Foul Ball, location: 2F
3-2: Base on Balls
Mikel Okamura to third
Damien Davis to second
Batting: LHB Erik Cutter 0-0: Ground out 3-1 (Groundball, 34, EV 79.4 MPH)
Bottom of the 9th over - 0 runs, 0 hits, 1 error, 3 left on base; Riverrdale Baptist HS 3 - Cretin-Derham Hall HS 2
Thursday, April 25th , 2024 - OOTP Baseball 23.10 Build 110